 Dungeon Crawl Stone Soup version 0.30-a0-862-g1aabd4f9c5 (webtiles) character file.

Game seed: 753682216894326986

104 zenocrate the Grave Robber (level 4, -12/30 HPs)
             Began as a Vampire Necromancer on Mar 10, 2023.
             Mangled by an ogre
             ... wielding a +0 giant club
              (25 damage)
             ... on level 3 of the Dungeon.
             The game lasted 00:02:15 (2097 turns).

zenocrate the Grave Robber (Vampire Necromancer)    Turns: 2097, Time: 00:02:15

Health: -12/30     AC:  2    Str:  7    XL:     4   Next: 52%
Magic:  2/8        EV: 12    Int: 17    God:
Gold:   109        SH:  0    Dex: 16    Spells: 0/8 levels left

rFire   . . .      SeeInvis +    a - +0 short sword
rCold   . . .      Faith    .    (no shield)
rNeg    + . .      Spirit   .    d - +0 robe
rPois   .          Reflect  .    (no helmet)
rElec   .          Rampage  .    (no cloak)
rCorr   .                        (no gloves)
Will    .....                    (no boots)
Stlth   +++                      (no amulet)
HPRegen 0.45/turn                h - ring of positive energy
MPRegen 0.11/turn                (no ring)

@: healing quickly
A: alive, fangs 3, see invisible, vampiric 2
a: Exsanguinate


You were on level 3 of the Dungeon.
You visited 1 branch of the dungeon, and saw 3 of its levels.

You collected 109 gold pieces.

Inventory:

Hand Weapons
 a - a +0 short sword (weapon)
Armour
 d - a +0 robe (worn)
Jewellery
 h - a ring of positive energy (left hand)
Scrolls
 c - 2 scrolls of identify {unknown}
 f - a scroll of enchant armour {unknown}
 i - 2 scrolls of fear {unknown}
 j - a scroll of enchant weapon {unknown}
 k - a scroll of amnesia {unknown}
 m - a scroll of fog {unknown}
Potions
 b - a potion of magic
 e - 2 potions of flight {unknown}
 g - 2 potions of curing {unknown}
 l - a potion of might {unknown}
 n - a potion of degeneration {unknown}


   Skills:
 + Level 2.0 Short Blades
 - Level 2.1 Dodging
 + Level 4.5 Stealth
 + Level 2.9 Spellcasting
 + Level 5.0 Necromancy


You couldn't memorise any spells.
You knew the following spells:

 Your Spells              Type           Power      Damage    Failure   Level
a - Necrotise             Necr           76%        1d7       2%          1
b - Vampiric Draining     Necr           19%        2d7       7%          3
c - Animate Dead          Necr           19%        N/A       22%         4

Your spell library contained the following spells:

 Spells                   Type           Power      Damage    Failure   Level
 Agony                    Necr           19%        N/A       52%         5


Dungeon Overview and Level Annotations

Branches:
Dungeon (3/15)

Altars:


Innate Abilities, Weirdness & Mutations

Your natural rate of healing is accelerated.
You have razor-sharp teeth.
You have supernaturally acute eyesight. (SInv)
You are afflicted with vampirism and can become a bat while bloodless.


Message History

An ogre is nearby!
You hit the ogre. Your bite misses the ogre.
The ogre is moderately wounded.
The ogre hits you with a +0 giant club!!
Ouch! That really hurt!
* * * LOW HITPOINT WARNING * * *
Casting: Vampiric Draining (quite dangerous; 7% risk of failure)
Confirm with . or Enter, or press ? or * to list all spells.
The spell is quite dangerous to miscast (7% risk of failure)!
Continue anyway?
Okay, then.
Unknown command.
Casting: Vampiric Draining (quite dangerous; 7% risk of failure)
Confirm with . or Enter, or press ? or * to list all spells.
The spell is quite dangerous to miscast (7% risk of failure)!
Continue anyway?
Aiming: Vampiric Draining (quite dangerous; 7% risk of failure)
Press: ? - help, Shift-Dir - straight line, f - ogre
Aim: an ogre, wielding a +0 giant club (moderately wounded)
You draw life force from the ogre!
You feel life coursing into your body. The ogre barely misses you.
Casting: Vampiric Draining (quite dangerous; 7% risk of failure)
Confirm with . or Enter, or press ? or * to list all spells.
The spell is quite dangerous to miscast (7% risk of failure)!
Continue anyway?
Aiming: Vampiric Draining (quite dangerous; 7% risk of failure)
Press: ? - help, Shift-Dir - straight line, f/p - ogre
Aim: an ogre, wielding a +0 giant club (heavily wounded)
You draw life force from the ogre!
You feel life coursing into your body.
Unknown command.
Casting: Vampiric Draining (quite dangerous; 7% risk of failure)
Confirm with . or Enter, or press ? or * to list all spells.
You don't have enough magic to cast this spell.
An ogre is nearby!
Unknown command.
You hit the ogre.
The ogre is almost dead.
The ogre completely misses you.
You hit the ogre but do no damage.
The ogre is almost dead.
The ogre hits you with a +0 giant club!!
Ouch! That really hurt!
You die...

###########
..........#
#########.#
## #.# .#
#.# ##O#
##.## ##@#
#...####)##
#.#...).##
#...####.#
##### #..
#... ...<.
.... ...


You could see an ogre.

Vanquished Creatures
  4 adders
  A worm (D:2)
  2 dart slugs
  6 orcs (D:3)
  4 ball pythons
  6 endoplasms
  A giant cockroach (D:2)
  A goblin (D:2)
  3 hobgoblins
  3 jackals (D:2)
  6 kobolds
  A quokka (D:2)
  6 bats
  2 frilled lizards (D:1)
  4 rats
50 creatures vanquished.

Notes
Turn   | Place    | Note
-------+----------+-------------------------------------------
     0 | D:1      | zenocrate the Vampire Necromancer began the quest for the
                  | Orb.
     0 | D:1      | Reached XP level 1. HP: 13/13 MP: 3/3
   317 | D:1      | Reached XP level 2. HP: 18/19 MP: 5/5
   654 | D:1      | Found a faded altar of an unknown god.
  1008 | D:2      | Reached skill level 1 in Short Blades
  1021 | D:2      | Gained mutation: You are afflicted with vampirism and can
                  | become a bat while bloodless. [Vampire growth]
  1021 | D:2      | Reached XP level 3. HP: 18/24 MP: 6/6
  1025 | D:2      | Learned a level 3 spell: Vampiric Draining
  1647 | D:3      | Reached XP level 4. HP: 30/30 MP: 6/8
  1658 | D:3      | Learned a level 4 spell: Animate Dead
  1794 | D:3      | Reached skill level 5 in Necromancy
  2088 | D:3      | Noticed an ogre
  2093 | D:3      | HP: 1/30 [ogre/+0 giant club (27)]
  2097 | D:3      | Mangled by an ogre

Illustrated notes

Levels and vault maps discovered:
D:1:      sevenhm_arrival_forest_fort_large_3, layout_loops_ring,
          dreamdust_ecumenical_altar_grove
D:2:      layout_basic, hex_large
D:3:      layout_loops_ring, minmay_misc_feat_more_columns, st_stairs_2

Skill      XL: |  1  2  3  4 |
---------------+-------------+-----
Short Blades   | 1 2 |  2.0
Stealth        | 4 |  4.5
Necromancy     | 5 |  5.0
Dodging        | |  2.1
Spellcasting   | |  2.9

Action                     |  1- 3 |  4- 6 || total
---------------------------+-------+-------++-------
  Melee: Short sword       |   103 |    70 ||   173
         Bite              |    12 |     5 ||    17
         Punch             |     2 |       ||     2
   Cast: Necrotise         |    11 |       ||    11
         Vampiric Draining |     2 |     5 ||     7
    Use: Scroll            |     1 |       ||     1
   Stab: Sleeping          |     5 |     1 ||     6
         Distracted        |     1 |       ||     1
 Armour: Robe              |    24 |    10 ||    34
  Dodge: Dodged            |    95 |    45 ||   140

Table legend: (Time is in decaauts)
 A = Elapsed time spent in this place.
 B = Non-inter-level travel time spent in this place.
 C = Inter-level travel time spent in this place.
 D = Time resting spent in this place.
 E = Time spent auto-exploring this place.
 F = Levels seen in this place.
 G = Mean time per level.
                   A        B        C        D        E       F      G
               +--------+--------+--------+--------+--------+-----+--------+
         Total |   2084 |   2040 |     44 |      0 |   1619 |   3 |  694.7 |
       Dungeon |   2084 |   2040 |     44 |      0 |   1619 |   3 |  694.7 |
               +--------+--------+--------+--------+--------+-----+--------+

Top non-repeatable levels by time:
     D:1: 954 daAuts
     D:2: 680 daAuts
     D:3: 449 daAuts
